3AAA
SIOUX FALLS RED PANDAS @ SUNSET DISTRICT FOG
07/19/2042
 
TOP OF THE 1ST
Sioux Falls Red Pandas batting - Pitching for Sunset District Fog : LHP Manny Burgos
Pitching: LHP Manny Burgos
Batting: RHB Mauro Jasso 0-0: SINGLE (Flyball, 89S, EV 95.6 MPH)
Batting: RHB Felipe Campos 0-0: Ball
1-0: Ball
2-0: SINGLE (Line Drive, 6MD, EV 98.8 MPH)
Mauro Jasso to second
Runner from 2nd tries for 3rd, SAFE, no throw by CF
Batting: LHB Tim O'Neal 0-0: Ball
1-0: SINGLE (Line Drive, 8LS, EV 89.4 MPH)
Mauro Jasso scores
Felipe Campos to second
Batting: RHB Syed Sarkar 0-0: Ball
1-0: Ball
2-0: SINGLE (Line Drive, 9S, EV 91.9 MPH)
Felipe Campos to third
Tim O'Neal to second
Batting: RHB Kevin Malone 0-0: Foul Ball, location: 2F
0-1: Swinging Strike
0-2: Foul Ball, location: 2F
0-2: Ball
1-2: Foul Ball, location: 2F
1-2: Ball
2-2: Ball
3-2: Foul Ball, location: 2F
3-2: Base on Balls
Felipe Campos scores
Tim O'Neal to third
Syed Sarkar to second
Batting: LHB Rich Watkins 0-0: Ball
1-0: Ball
2-0: Foul Ball, location: 2F
2-1: Swinging Strike
2-2: Ball
3-2: SINGLE (Groundball, 5, EV 110.6 MPH) (infield hit)
Tim O'Neal scores
Syed Sarkar to third
Kevin Malone to second
Batting: SHB Dylan Carson 0-0: Ball
1-0: Swinging Strike
1-1: Ball
2-1: SINGLE (Line Drive, 7S, EV 91.2 MPH)
Syed Sarkar scores
Kevin Malone to third
Rich Watkins to second
Runner from 3rd tries for Home, SAFE, no throw by LF
Pitching: RHP Kai-ge Moy
Batting: RHB Myles Brundidge 0-0: Ball
1-0: Swinging Strike
1-1: Foul Ball, location: 2F
1-2: SINGLE (Flyball, 8RS, EV 93.1 MPH)
Rich Watkins to third
Dylan Carson to second
Runner from 3rd tries for Home, SAFE, no throw by CF
Batting: SHB Noel Lancaster 0-0: Foul Ball, location: 2F
0-1: Foul Ball, location: 2F
0-2: Fly out, F4 (Line Drive, 4, EV 74.4 MPH)
Batting: RHB Mauro Jasso 0-0: Called Strike
Dylan Carson steals 3rd base (no throw)
Myles Brundidge to second
0-1: SINGLE (Groundball, 34S, EV 81.2 MPH) (infield hit)
Dylan Carson scores
Myles Brundidge to third
Batting: RHB Felipe Campos 0-0: Called Strike
0-1: Swinging Strike
0-2: Ball
1-2: Ball
2-2: Strikes out looking
Batting: LHB Tim O'Neal 0-0: Called Strike
0-1: Ball
1-1: Foul Ball, location: 2F
1-2: Ball
Mauro Jasso steals 2nd base
2-2: Foul Ball, location: 2F
2-2: Foul Ball, location: 2F
2-2: Ball
3-2: Foul Ball, location: 2F
3-2: 3-RUN HOME RUN (Flyball, 8LXD, EV 100.0 MPH), Distance : 454 ft
Batting: RHB Syed Sarkar 0-0: Called Strike
0-1: Ball
1-1: Ground out 5-3 (Groundball, 56S, EV 78.8 MPH)
Top of the 1st over - 10 runs, 9 hits, 0 errors, 0 left on base; Sioux Falls 10 - Sunset District 0
BOTTOM OF THE 1ST
Sunset District Fog batting - Pitching for Sioux Falls Red Pandas : RHP NaNomi Lojore
Pitching: RHP NaNomi Lojore
Batting: LHB Jorge Peniche 0-0: Ball
1-0: Foul Ball, location: 2F
1-1: Ball
2-1: Called Strike
2-2: Fly out, F8 (Flyball, 8RD, EV 103.8 MPH)
Batting: LHB Flint Myers 0-0: Ball
1-0: Foul Ball, location: 2F
1-1: Foul Ball, location: 2F
1-2: Strikes out looking
Batting: RHB A.T. Tappman 0-0: Called Strike
0-1: Swinging Strike
0-2: Ball
1-2: Foul Ball, location: 2F
1-2: Fly out, F7 (Line Drive, 7, EV 100.0 MPH)
Bottom of the 1st over - 0 runs, 0 hits, 0 errors, 0 left on base; Sioux Falls 10 - Sunset District 0
TOP OF THE 2ND
Sioux Falls Red Pandas batting - Pitching for Sunset District Fog : RHP Kai-ge Moy
Batting: RHB Kevin Malone 0-0: Ball
1-0: Called Strike
1-1: Reached on error, E5 (Groundball, 56S, EV 80.6 MPH)
Batting: LHB Rich Watkins 0-0: Ball
1-0: Ball
2-0: Foul Ball, location: 2F
2-1: Fly out, F6 (Popup, 6, EV 56.9 MPH)
Batting: SHB Dylan Carson 0-0: Ball
1-0: Foul Ball, location: 2F
1-1: Ball
2-1: Foul Ball, location: 2F
2-2: Ball
3-2: Fly out, F7 (Flyball, 7S, EV 72.5 MPH)
Batting: RHB Myles Brundidge 0-0: Ball
1-0: Foul Ball, location: 2F
1-1: Fly out, F6 (Popup, 6, EV 65.0 MPH)
Top of the 2nd over - 0 runs, 0 hits, 1 error, 1 left on base; Sioux Falls 10 - Sunset District 0
BOTTOM OF THE 2ND
Sunset District Fog batting - Pitching for Sioux Falls Red Pandas : RHP NaNomi Lojore
Batting: LHB Bradley Wilson 0-0: Called Strike
0-1: Ball
1-1: Ball
2-1: SINGLE (Line Drive, 78S, EV 105.6 MPH)
Batting: RHB Brandon Wilson 0-0: Ball
1-0: Ball
2-0: Called Strike
2-1: Ball
3-1: Fly out, F7 (Flyball, 7, EV 84.4 MPH)
Batting: LHB Juan Fuentes 0-0: Ball
1-0: Called Strike
1-1: Called Strike
1-2: Foul Ball, location: 2F
1-2: Ball
2-2: Fly out, F6 (Popup, 6S, EV 70.6 MPH)
Batting: RHB Nicodemo Nardone 0-0: Swinging Strike
0-1: Ball
1-1: Ball
2-1: Swinging Strike
2-2: Fly out, F4 (Popup, 3S, EV 85.6 MPH)
Bottom of the 2nd over - 0 runs, 1 hit, 0 errors, 1 left on base; Sioux Falls 10 - Sunset District 0
TOP OF THE 3RD
Sioux Falls Red Pandas batting - Pitching for Sunset District Fog : RHP Kai-ge Moy
Batting: SHB Noel Lancaster 0-0: Called Strike
0-1: Ball
1-1: Swinging Strike
1-2: Ball
2-2: Strikes out swinging
Pitching: RHP Pedro Rodríguez
Batting: RHB Mauro Jasso 0-0: Ball
1-0: Foul Ball, location: 2F
1-1: Ball
2-1: Called Strike
2-2: Ball
3-2: Foul Ball, location: 2F
3-2: Strikes out swinging
Batting: RHB Felipe Campos 0-0: Ball
1-0: Ball
2-0: Called Strike
2-1: Swinging Strike
2-2: Ball
3-2: Strikes out swinging
Top of the 3rd over - 0 runs, 0 hits, 0 errors, 0 left on base; Sioux Falls 10 - Sunset District 0
BOTTOM OF THE 3RD
Sunset District Fog batting - Pitching for Sioux Falls Red Pandas : RHP NaNomi Lojore
Batting: RHB Tokaji Heida 0-0: Called Strike
0-1: Swinging Strike
0-2: Ball
1-2: Reached on error, E3 (Popup, 3S, EV 70.0 MPH)
Batting: SHB Benny Frost 0-0: Swinging Strike
0-1: Ball
1-1: Ball
2-1: Foul Ball, location: 2F
2-2: Strikes out swinging
Batting: LHB Jorge Peniche 0-0: Called Strike
0-1: Ball
1-1: Swinging Strike
1-2: Ball
2-2: Strikes out swinging
Batting: LHB Flint Myers 0-0: Ball
1-0: Foul Ball, location: 2F
1-1: Foul Ball, location: 2F
1-2: Fielders Choice at 2nd, 6-4 (Groundball, 6, EV 101.9 MPH)
Bottom of the 3rd over - 0 runs, 0 hits, 1 error, 1 left on base; Sioux Falls 10 - Sunset District 0
TOP OF THE 4TH
Sioux Falls Red Pandas batting - Pitching for Sunset District Fog : RHP Pedro Rodríguez
Batting: LHB Tim O'Neal 0-0: Foul Ball, location: 2F
0-1: DOUBLE (Flyball, 8RXD, EV 91.9 MPH)
Batting: RHB Syed Sarkar 0-0: Called Strike
0-1: SINGLE (Line Drive, 6MD, EV 104.4 MPH)
Tim O'Neal to third
Batting: RHB Kevin Malone 0-0: Foul Ball, location: 2F
0-1: Swinging Strike
0-2: Ball
1-2: Strikes out looking
Batting: LHB Rich Watkins 0-0: Foul Ball, location: 2F
0-1: Foul Ball, location: 2F
0-2: Strikes out swinging
Batting: SHB Dylan Carson 0-0: Called Strike
0-1: Fielders Choice at 2nd, 6-4 (Groundball, 6, EV 83.8 MPH)
Top of the 4th over - 0 runs, 2 hits, 0 errors, 2 left on base; Sioux Falls 10 - Sunset District 0
BOTTOM OF THE 4TH
Sunset District Fog batting - Pitching for Sioux Falls Red Pandas : RHP NaNomi Lojore
Batting: RHB A.T. Tappman 0-0: Ball
1-0: Foul Ball, location: 2F
1-1: Ball
2-1: Ball
3-1: Fly out, F8 (Line Drive, 8LM, EV 100.6 MPH)
Batting: LHB Bradley Wilson 0-0: Called Strike
0-1: Ball
1-1: Ball
2-1: Ball
3-1: SINGLE (Groundball, 4MD, EV 104.4 MPH)
Batting: RHB Brandon Wilson 0-0: Ball
1-0: Ball
2-0: Ball
3-0: Base on Balls
Bradley Wilson to second
Batting: LHB Juan Fuentes 0-0: Grounds into double play, 3-6-1 (Groundball, 3, EV 79.4 MPH)
Bottom of the 4th over - 0 runs, 1 hit, 0 errors, 1 left on base; Sioux Falls 10 - Sunset District 0
TOP OF THE 5TH
Sioux Falls Red Pandas batting - Pitching for Sunset District Fog : RHP Pedro Rodríguez
Batting: RHB Myles Brundidge 0-0: Fly out, F8 (Flyball, 8RD, EV 86.2 MPH)
Batting: SHB Noel Lancaster 0-0: Ball
1-0: Ball
2-0: Ball
3-0: Called Strike
3-1: Base on Balls
Pitching: RHP Marcos Salinas
Batting: RHB Mauro Jasso 0-0: Called Strike
0-1: Foul Ball, location: 2F
0-2: Foul Ball, location: 2F
0-2: Foul Ball, location: 2F
0-2: Grounds into double play, 5-4-3 (Groundball, 56, EV 105.6 MPH)
Top of the 5th over - 0 runs, 0 hits, 0 errors, 0 left on base; Sioux Falls 10 - Sunset District 0
BOTTOM OF THE 5TH
Sunset District Fog batting - Pitching for Sioux Falls Red Pandas : RHP NaNomi Lojore
Batting: RHB Nicodemo Nardone 0-0: Ball
1-0: Swinging Strike
1-1: SINGLE (Groundball, 6D, EV 111.2 MPH)
Batting: RHB Tokaji Heida 0-0: Fielders Choice at 2nd, 5-4 (Groundball, 56, EV 108.1 MPH)
Batting: SHB Benny Frost 0-0: Foul Ball, location: 2F
0-1: Ball
1-1: Called Strike
1-2: Ball
2-2: Strikes out swinging
Batting: LHB Jorge Peniche 0-0: Ball
1-0: Ball
2-0: Fly out, F8 (Flyball, 8LS, EV 88.8 MPH)
Bottom of the 5th over - 0 runs, 1 hit, 0 errors, 1 left on base; Sioux Falls 10 - Sunset District 0
TOP OF THE 6TH
Sioux Falls Red Pandas batting - Pitching for Sunset District Fog : RHP Marcos Salinas
Batting: RHB Felipe Campos 0-0: Called Strike
0-1: Ball
1-1: Ball
2-1: Called Strike
2-2: Fly out, F3 (Line Drive, 3, EV 73.1 MPH)
Batting: LHB Tim O'Neal 0-0: Ball
1-0: Fly out, F7 (Line Drive, 7, EV 91.9 MPH)
Batting: RHB Syed Sarkar 0-0: Foul Ball, location: 2F
0-1: Called Strike
0-2: Ground out 6-3 (Groundball, 56, EV 104.4 MPH)
Top of the 6th over - 0 runs, 0 hits, 0 errors, 0 left on base; Sioux Falls 10 - Sunset District 0
BOTTOM OF THE 6TH
Sunset District Fog batting - Pitching for Sioux Falls Red Pandas : RHP NaNomi Lojore
Batting: LHB Flint Myers 0-0: Called Strike
0-1: Called Strike
0-2: Ball
1-2: Ball
2-2: TRIPLE (Line Drive, 8RXD, EV 103.1 MPH)
Pitching: LHP José Puente
Batting: RHB A.T. Tappman 0-0: Swinging Strike
0-1: Ball
1-1: Swinging Strike
1-2: Ball
2-2: Ball
3-2: Strikes out swinging
Batting: LHB Bradley Wilson 0-0: Ball
1-0: Ball
2-0: Swinging Strike
2-1: Ball
3-1: DOUBLE (Flyball, 78XD, EV 100.0 MPH)
Flint Myers scores
Batting: RHB Brandon Wilson 0-0: Swinging Strike
0-1: Ball
1-1: Foul Ball, location: 2F
1-2: Ball
2-2: DOUBLE (Line Drive, 89D, EV 105.0 MPH)
Bradley Wilson scores
Batting: LHB Juan Fuentes 0-0: Ball
1-0: Fly out, F6 (Popup, 6, EV 55.6 MPH)
Batting: RHB Nicodemo Nardone 0-0: Fly out, F8 (Flyball, 8RM, EV 93.1 MPH)
Bottom of the 6th over - 2 runs, 3 hits, 0 errors, 1 left on base; Sioux Falls 10 - Sunset District 2
TOP OF THE 7TH
Sioux Falls Red Pandas batting - Pitching for Sunset District Fog : RHP Marcos Salinas
Batting: RHB Kevin Malone 0-0: SINGLE (Groundball, 56D, EV 103.8 MPH)
Batting: LHB Rich Watkins 0-0: Ball
1-0: Ball
2-0: Called Strike
2-1: Foul Ball, location: 2F
2-2: Fly out, F9 (Flyball, 9S, EV 86.2 MPH)
Batting: SHB Dylan Carson 0-0: Ball
1-0: Foul Ball, location: 2F
1-1: Swinging Strike
1-2: 2-RUN HOME RUN (Flyball, 89XD, EV 101.9 MPH), Distance : 428 ft
Pinch Hitting: LHB Don Fowler 0-0: Called Strike
0-1: Fly out, F7 (Flyball, 7LDF, EV 113.8 MPH)
Pinch Hitting: RHB Luke Crawford 0-0: Ball
1-0: Swinging Strike
1-1: Called Strike
1-2: Ball
2-2: Foul Ball, location: 2F
2-2: Ball
3-2: Foul Ball, location: 2F
3-2: Ground out 5-3 (Groundball, 56, EV 86.9 MPH)
Top of the 7th over - 2 runs, 2 hits, 0 errors, 0 left on base; Sioux Falls 12 - Sunset District 2
BOTTOM OF THE 7TH
Sunset District Fog batting - Pitching for Sioux Falls Red Pandas : LHP José Puente
Now at 2B: Luke Crawford
Now at 3B: Don Fowler
Batting: RHB Tokaji Heida 0-0: SINGLE (Groundball, 6MD, EV 103.8 MPH)
Batting: SHB Benny Frost 0-0: Called Strike
0-1: Called Strike
0-2: Strikes out swinging
Batting: LHB Jorge Peniche 0-0: Ball
1-0: Ball
2-0: SINGLE (Groundball, 4D, EV 94.4 MPH)
Tokaji Heida to second
Batting: LHB Flint Myers 0-0: Ball
Wild Pitch!
Tokaji Heida to third
Jorge Peniche to second
1-0: Fly out, F9 (Line Drive, 9, EV 95.6 MPH)
Batting: RHB A.T. Tappman 0-0: Ball
1-0: Foul Ball, location: 2F
1-1: Ball
2-1: SINGLE (Groundball, 56D, EV 103.1 MPH)
Tokaji Heida scores
Jorge Peniche to third
Runner from 3rd tries for Home, SAFE, throw by LF to home
Batting: LHB Bradley Wilson 0-0: Foul Ball, location: 2F
0-1: Ball
1-1: Foul Ball, location: 2F
1-2: Foul Ball, location: 2F
1-2: Ball
Wild Pitch!
A.T. Tappman to second
2-2: Ground out 6-3 (Groundball, 6, EV 79.4 MPH)
Bottom of the 7th over - 2 runs, 3 hits, 0 errors, 1 left on base; Sioux Falls 12 - Sunset District 4
TOP OF THE 8TH
Sioux Falls Red Pandas batting - Pitching for Sunset District Fog : RHP Marcos Salinas
Batting: RHB Mauro Jasso 0-0: Called Strike
0-1: Ball
1-1: Swinging Strike
1-2: Ball
2-2: Ball
3-2: Strikes out swinging
Pitching: LHP Mark Smith
Batting: RHB Felipe Campos 0-0: Ball
1-0: Ball
2-0: Ball
3-0: Base on Balls
Batting: LHB Tim O'Neal 0-0: Ball
1-0: Ball
2-0: Called Strike
2-1: Foul Ball, location: 2F
2-2: Foul Ball, location: 2F
2-2: Strikes out looking
Pinch Hitting: RHB Steve Roberson 0-0: Ball
1-0: Called Strike
1-1: Ball
2-1: Called Strike
2-2: Foul Ball, location: 2F
2-2: Fielders Choice at 2nd, 5-4 (Groundball, 56, EV 83.8 MPH)
Top of the 8th over - 0 runs, 0 hits, 0 errors, 1 left on base; Sioux Falls 12 - Sunset District 4
BOTTOM OF THE 8TH
Sunset District Fog batting - Pitching for Sioux Falls Red Pandas : LHP José Puente
Now at 1B: Gene Ricks
Batting: RHB Brandon Wilson 0-0: Called Strike
0-1: Ball
1-1: Ground out 1-3 (Groundball, 13S, EV 63.1 MPH)
Batting: LHB Juan Fuentes 0-0: Called Strike
0-1: Ball
1-1: Foul Ball, location: 2F
1-2: Ball
2-2: Fly out, F8 (Flyball, 8LD, EV 86.9 MPH)
Batting: RHB Nicodemo Nardone 0-0: Ball
1-0: Ground out 6-3 (Groundball, 6S, EV 63.1 MPH)
Bottom of the 8th over - 0 runs, 0 hits, 0 errors, 0 left on base; Sioux Falls 12 - Sunset District 4
TOP OF THE 9TH
Sioux Falls Red Pandas batting - Pitching for Sunset District Fog : LHP Mark Smith
Batting: RHB Kevin Malone 0-0: Swinging Strike
0-1: Ball
1-1: Swinging Strike
1-2: Strikes out swinging
Batting: LHB Rich Watkins 0-0: Ground out 2-3 (Groundball, 15S, EV 72.5 MPH)
Batting: SHB Dylan Carson 0-0: Fly out, F7 (Flyball, 78XD, EV 100.6 MPH)
Top of the 9th over - 0 runs, 0 hits, 0 errors, 0 left on base; Sioux Falls 12 - Sunset District 4
BOTTOM OF THE 9TH
Sunset District Fog batting - Pitching for Sioux Falls Red Pandas : LHP José Puente
Batting: RHB Tokaji Heida 0-0: Called Strike
0-1: Ball
1-1: Ball
2-1: Ball
3-1: Base on Balls
Pitching: RHP Júlio Rodríguez
Batting: SHB Benny Frost 0-0: Foul Ball, location: 2F
0-1: Foul Ball, location: 2F
0-2: Ball
1-2: Fly out, F8 (Line Drive, 8RD, EV 91.9 MPH)
Batting: LHB Jorge Peniche 0-0: Called Strike
0-1: SINGLE (Groundball, 34D, EV 102.5 MPH)
Tokaji Heida to second
Batting: LHB Flint Myers 0-0: Called Strike
0-1: Fly out, F9 (Flyball, 89M, EV 86.9 MPH)
Batting: RHB A.T. Tappman 0-0: Fielders Choice at 2nd, 5-4 (Groundball, 56, EV 106.9 MPH)
Bottom of the 9th over - 0 runs, 1 hit, 0 errors, 2 left on base; Sioux Falls 12 - Sunset District 4
Friday, March 26th, 2021 - OOTP Baseball 20.8 Build 74